 Dungeon Crawl Stone Soup version 0.20-a0-613-g92415a4 (webtiles) character file.

327872 nubinia the Sorcerer (level 21, -22/108 HPs)
             Began as a Deep Elf Fire Elementalist on Feb 5, 2017.
             Was the Champion of Sif Muna.
             Hit by a large rock thrown by a stone giant (46 damage)
             ... on level 3 of the Vaults on Feb 8, 2017.
             The game lasted 08:33:48 (52553 turns).

nubinia the Sorcerer (Deep Elf Fire Elementalist)  Turns: 52553, Time: 08:33:48

Health: -22/108    AC: 13    Str:  8    XL:     21   Next: 12%
Magic:  27/52      EV: 19    Int: 25    God:    Sif Muna [******]
Gold:   1209       SH: 15    Dex: 22    Spells: 6/70 levels left

rFire    + + +     SeeInvis +   a - +11 morningstar "Widetis" {venom, +Rage rPois Int-4 Stlth+}
rCold    + . .     Gourm    .   k - +1 robe of the Ecumenical Temple {rPois rF+ rN+ Dex-2 Slay+5}
rNeg     + + .     Faith    .   O - +3 warlock's mirror {reflect}
rPois    +         Spirit   .   E - +1 helmet
rElec    .         Reflect  +   U - +2 cloak {MR+}
rCorr    .         Harm     .   A - +0 pair of gloves
MR       +++..                  Z - +1 pair of boots "Pigyit" {Regen+ Str+3 Stlth+}
Stlth    ++++++++..             q - +5 amulet of reflection
Regen    0.7/turn               P - ring of see invisible
                                Y - ring "Jiosiepp" {rF+ rN+ Int+2 Dex+3 Stlth+}

@: no status effects
A: iridescent scales 1, thin skeletal structure 1, cold resistance 1, fire
resistance 1
}: 1/15 runes: barnacled
a: Divine Energy, Channel Magic, Forget Spell, Renounce Religion, Evoke Berserk
Rage


You were on level 3 of the Vaults.
You worshipped Sif Muna.
Sif Muna was exalted by your worship.
You were not hungry.

You visited 8 branches of the dungeon, and saw 37 of its levels.
You also visited: Ice Cave and Volcano.

You collected 3401 gold pieces.
You spent 2192 gold pieces at shops.

Inventory:

Hand Weapons
 a - the +11 morningstar "Widetis" (weapon) {venom, +Rage rPois Int-4 Stlth+}
   (You found it on level 3 of the Lair of Beasts)

   It poisons the flesh of those it strikes.
   It affects your intelligence (-4).
   It protects you from poison.
   It lets you go berserk.
   It makes you more stealthy.
 b - the +5 rapier of Afomuom {holy, rF+}
   (You found it on level 8 of the Dungeon)

   It has been blessed by the Shining One to cause great damage to the undead
   and demons.
   It protects you from fire.
 f - the +9 broad axe "Jadghe Wufi" {freeze, rF+ rC+ Dex+2}
   (You took it off a deep elf archer on level 3 of the Elven Halls)

   It has been specially enchanted to freeze those struck by it, causing extra
   injury to most foes and up to half again as much damage against particularly
   susceptible opponents.
   It can also slow down cold-blooded creatures.
   It affects your dexterity (+2).
   It protects you from fire.
   It protects you from cold.
 i - the +1 hand axe of Extinguishment {pain, rElec rN+++ Str-2 Dex+4}
   (You took it off a deep elf mage on level 3 of the Elven Halls)

   In the hands of one skilled in necromantic magic, it inflicts extra damage on
   living creatures.
   It affects your strength (-2).
   It affects your dexterity (+4).
   It insulates you from electricity.
   It renders you almost immune to negative energy.
 y - the +4 hand axe "Arrigeic" {vamp, rN+ MR- SInv}
   (You bought it in a shop on level 2 of the Orcish Mines)

   It inflicts no extra harm, but heals its wielder when it wounds a living foe.
   It protects you from negative energy.
   It affects your resistance to hostile enchantments.
   It lets you see invisible.
 H - a +8 dagger
Armour
 k - the +1 robe of the Ecumenical Temple (worn) {rPois rF+ rN+ Dex-2 Slay+5}
   (You bought it in a shop on level 6 of the Dungeon)

   It affects your dexterity (-2).
   It affects your accuracy and damage with ranged weapons and melee attacks
   (+5).
   It protects you from fire.
   It protects you from poison.
   It protects you from negative energy.
 A - a +0 pair of gloves (worn)
 E - a +1 helmet (worn)
 O - the +3 warlock's mirror (worn) {reflect}
   (You found it on level 3 of the Lair of Beasts)
 U - a +2 cloak of magic resistance (worn)
 Z - the +1 pair of boots "Pigyit" (worn) {Regen+ Str+3 Stlth+}
   (You bought it in a shop on level 6 of the Dungeon)

   It affects your strength (+3).
   It increases your rate of regeneration.
   It makes you more stealthy.
Jewellery
 d - the ring of Goodaom {rC+ MR+ Str+4 Dex+3}
   (You took it off a deep elf sorcerer on level 3 of the Elven Halls)

   [ring of protection from cold]

   It affects your strength (+4).
   It affects your dexterity (+3).
   It protects you from cold.
   It affects your resistance to hostile enchantments.
 q - a +5 amulet of reflection (around neck)
 t - an uncursed ring of protection from cold
 x - an uncursed ring of protection from fire
 N - a +5 ring of evasion
 P - a ring of see invisible (right hand)
 Y - the ring "Jiosiepp" (left hand) {rF+ rN+ Int+2 Dex+3 Stlth+}
   (You took it off a deep elf demonologist on level 3 of the Elven Halls)

   [ring of dexterity]

   It affects your intelligence (+2).
   It affects your dexterity (+3).
   It protects you from fire.
   It protects you from negative energy.
   It makes you more stealthy.
Wands
 G - a wand of acid (7/15)
 K - a wand of clouds (5/9)
 Q - a wand of clouds (2/9)
 T - a wand of acid (6/15)
 W - a wand of iceblast (10/15)
Scrolls
 h - 2 scrolls of holy word
 n - 9 scrolls of remove curse
 o - a scroll of silence
 u - a scroll of identify
 w - 5 scrolls of fog
 z - 2 scrolls of magic mapping
 B - 3 scrolls of summoning
 C - 3 scrolls of blinking
 F - 9 scrolls of teleportation
 I - 6 scrolls of enchant weapon
 S - 3 scrolls of enchant armour
Potions
 e - 4 potions of might
 j - 2 potions of magic
 l - 5 potions of brilliance
 m - 11 potions of curing
 s - 5 potions of heal wounds
 v - 5 potions of flight
 J - 2 potions of cancellation
 R - a potion of haste
 X - 4 potions of agility
Books
 L - Sif Muna's Almanac of Creative Stolen Souls
   (Sif Muna gifted it to you on level 3 of the Vaults)

   Spells                             Type                      Level
   a - Regeneration                   Charms/Necromancy            3
   b - Animate Dead                   Necromancy                   4
   c - Agony                          Necromancy                   5
   d - Simulacrum                     Ice/Necromancy               6
   e - Summon Greater Demon           Summoning                    7
   f - Infestation                    Necromancy                   8
Miscellaneous
 c - a phial of floods (inert)
 g - a lamp of fire (inert)
 p - a lightning rod (4/4)
 V - a sack of spiders
Comestibles
 D - 16 meat rations
 M - 3 chunks of flesh


   Skills:
 + Level 4.7 Fighting
 + Level 6.0 Short Blades
 + Level 8.2 Dodging
 + Level 9.3 Stealth
 * Level 7.5 Shields
 * Level 25.0 Spellcasting
 * Level 19.1 Conjurations
 + Level 6.6 Charms
 - Level 8.0 Necromancy
 * Level 6.5 Translocations
 + Level 15.9 Fire Magic
 + Level 12.0 Ice Magic
 + Level 7.6 Air Magic
 + Level 2.4 Invocations
 + Level 1.5 Evocations


You had 6 spell levels left.
You knew the following spells:

 Your Spells              Type           Power        Failure   Level  Hunger
a - Bolt of Draining      Conj/Necr      #######...   1%          5    None
b - Throw Flame           Conj/Fire      ######       0%          2    None
c - Mephitic Cloud        Conj/Pois/Air  ######..     1%          3    None
d - Sticky Flame          Conj/Fire      #######.     0%          4    None
e - Fireball              Conj/Fire      #######...   1%          5    None
f - Force Lance           Conj/Tloc      #######.     1%          4    None
g - Shroud of Golubria    Chrm/Tloc      ######....   1%          2    None
h - Iskenderun's Mystic   Conj           #######.     0%          4    None
i - Iskenderun's Battles  Conj/Chrm      #######.     1%          5    None
j - Animate Dead          Necr           N/A          1%          4    None
k - Bolt of Fire          Conj/Fire      #######...   1%          6    None
l - Magic Dart            Conj           ####         0%          1    None
m - Poisonous Vapours     Pois/Air       ######       1%          2    None
n - Freezing Cloud        Conj/Ice/Air   #######...   1%          6    None
o - Delayed Fireball      Conj/Fire      N/A          1%          7    ###....
s - Regeneration          Chrm/Necr      ######....   1%          3    None
D - Dispel Undead         Necr           ######..     1%          5    None
S - Animate Skeleton      Necr           N/A          1%          1    None


Dungeon Overview and Level Annotations

Branches:
Dungeon (14/15)            Temple (1/1) D:4            Lair (6/6) D:10
 Shoals (4/4) Lair:2       Spider (4/4) Lair:2        Slime (0/5) Lair:6
    Orc (2/2) D:12            Elf (3/3) Orc:2        Vaults (3/5) D:14
  Crypt: Vaults:2-3

Altars:
Ashenzari
Cheibriados
Dithmenos
Elyvilon
Fedhas
Gozag
Hepliaklqana
Kikubaaqudgha
Makhleb
Nemelex Xobeh
Okawaru
Qazlal
Ru
Sif Muna
Trog
Uskayaw
Vehumet
Xom
Yredelemnul
Zin
The Shining One
Jiyva

Shops:
D:4 !   D:5 %   D:6 [   Orc:2 *((}}   Elf:2 ?=}   Elf:3 ?   Shoals:2 =
Shoals:3 [   Vaults:2 (   Vaults:3 [

Annotations:
D:4 Menkaure


Innate Abilities, Weirdness & Mutations

You are partially covered in iridescent scales. (AC +2)
You have a somewhat thin skeletal structure. (Dex +2, Stealth)
Your flesh is cold resistant. (rC+)
Your flesh is heat resistant. (rF+)


Message History

You see here a large rock.
Unknown command.
The vault warden seems less confused.
The yaktaur is engulfed in noxious fumes.
The yaktaur appears confused.
The stone giant throws a large rock.
The large rock completely misses you.
The large rock hits the yaktaur!!
The yaktaur shoots a bolt.
The bolt hits you!!
* * * LOW HITPOINT WARNING * * *
The bolt freezes you.
* * * LOW HITPOINT WARNING * * *
You see here a bolt.
As you read the scroll of fear, it crumbles to dust.
You assume a fearsome visage.
Your centaur warrior skeleton is unaffected.
The yaktaur easily resists.
The vault warden looks frightened!
The yaktaur looks frightened! x2
The stone giant resists with almost no effort.
Your centaur warrior skeleton hits the vault warden.
The stone giant throws a large rock.
The large rock hits you!!!
You die...

'[........#.#.#
####...#++#...#### ..
...'.#.#..)..)..(##)...
.#.#...#)#))#.(.(+)))>..
...#####...)..(((#))....
#### ########(####....
..# #(.### #.. ..#
##.§Zp### # ..#
#...@(c.# ..#
#..§§.....# ..#
#...(c.)...# ..#
#..c.(....## ###
'..........#
.C......<..##
.###.......# ###....##


You could see a stone giant, a vault warden (fleeing), 3 yaktaurs and a friendly
centaur warrior skeleton.

Vanquished Creatures
  Saint Roka (Vaults:1)
  2 deep elf blademasters (Elf:3)
  A kraken (Shoals:4)
  A deep elf master archer (Elf:3)
  Gastronok (Lair:3)
  Ilsuiw (Shoals:4)
  Kirke (Spider:2)
  Donald (Shoals:4)
  Louise (Elf:3)
  2 ghost moths
  8 deep elf sorcerers (Elf:3)
  Aizul (Vaults:1)
  An orc warlord (Vaults:2)
  3 vault wardens
  3 deep elf elementalists
  A reaper (IceCv)
  2 stone giants (Vaults:3)
  An ironheart preserver (Vaults:2)
  4 entropy weavers
  Nessos (Lair:6)
  5 deep elf demonologists
  4 deep elf annihilators
  A spark wasp (Spider:3)
  Snorg (Lair:3)
  5 deep elf death magi (Elf:3)
  Josephine (Lair:4)
  2 fire dragons
  2 merfolk impalers
  7 merfolk javelineers
  Erolcha (D:12)
  6 deep elf high priests (Elf:3)
  6 yaktaur captains
  3 ice dragons
  2 great orbs of eyes
  The ghost of azzavlup the Thaumaturge, a journeyman OpWz of Sif Muna (Lair:2)
  3 hydras
  A rakshasa (Vaults:2)
  4 centaur warriors
  Harold (Lair:3)
  2 death knights
  16 two-headed ogres
  2 merfolk avatars (Shoals:4)
  9 merfolk aquamancers
  A queen ant (Spider:3)
  The ghost of kroki the Grappler, a novice DrTm of Makhleb (D:10)
  Erica (D:9)
  7 satyrs
  7 death yaks
  8 ogre magi
  39 dancing weapons
  6 orc high priests
  Sonja (D:14)
  A sun demon (Volcano)
  15 deep elf knights
  13 skeletal warriors
  2 shadow wraiths
  A glowing orange brain (Vaults:3)
  An unseen horror (Vaults:3)
  A flayed ghost (Vaults:3)
  12 sea snakes
  6 ironbrand convokers
  4 wizards
  13 deep elf archers
  11 orc knights
  23 harpies
  72 deep elf magi
  3 orc sorcerers
  6 oklob plants
  24 wolf spiders
  13 fauns
  17 orb spiders
  4 cyclopes
  5 ugly things
  9 manticores
  A moth of wrath (Spider:2)
  4 black mambas
  Joseph (D:8)
  10 elephants
  10 merfolk sirens
  2 ice statues (IceCv)
  11 water nymphs
  4 centaur zombies
  Maurice (D:8)
  4 vault sentinels
  2 torpor snails
  3 gargoyles
  A guardian serpent (shapeshifter) (Vaults:3)
  30 spiny frogs
  2 rime drakes
  A kobold demonologist (D:14)
  8 demonic crawlers
  10 ice devils
  12 komodo dragons
  2 freezing wraiths (Vaults:3)
  12 yaktaurs
  3 red devils
  2 polar bears
  3 trolls
  A jumping spider (shapeshifter) (Elf:3)
  29 jumping spiders
  3 hornets
  9 wind drakes
  33 merfolk
  2 tyrant leeches
  22 blink frogs
  10 dream sheep
  Prince Ribbit (D:7)
  2 slime creatures (Vaults:3)
  2 snapping turtles
  14 hippogriffs
  34 tarantellas
  37 redbacks
  3 air elementals
  16 water elementals
  A shadow (D:11)
  A vampire (D:9)
  2 wyverns
  7 wraiths
  2 hogs (Spider:2)
  66 yaks
  7 fire elementals
  9 vampire mosquitoes
  A redback simulacrum (D:14)
  3 hungry ghosts
  2 human simulacra (Vaults:1)
  A steam dragon (Lair:2)
  11 porcupines
  8 wargs
  An acid dragon (Vaults:2)
  A swamp worm (shapeshifter) (Vaults:2)
  3 hell hounds (Volcano)
  A soldier ant (shapeshifter) (Vaults:1)
  A water moccasin (shapeshifter) (Elf:1)
  18 water moccasins
  13 soldier ants
  3 ice beasts
  6 sky beasts
  34 orc warriors
  10 ogres
  A necrophage (D:10)
  25 wolves
  6 boggarts
  10 centaurs
  11 crocodiles
  An orc skeleton (Vaults:1)
  23 bullfrogs
  3 earth elementals
  A wyvern zombie (D:14)
  6 scorpions
  2 wyvern skeletons
  25 wights
  10 killer bees
  An electric eel (Lair:6)
  5 crimson imps
  4 howler monkeys
  A bullfrog zombie (D:12)
  An iron imp (D:13)
  6 jellies
  31 orc wizards
  36 orc priests
  6 hounds
  5 iguanas
  4 bullfrog skeletons
  3 centaur skeletons
  33 worker ants
  2 hound zombies
  A hound skeleton (D:4)
  3 worker ant zombies
  7 adders
  4 gnolls (D:7)
  3 shadow imps
  4 white imps (IceCv)
  8 ufetubi (IceCv)
  2 adder skeletons
  An adder zombie (D:9)
  2 worms
  2 dart slugs
  4 leopard geckos
  103 orcs
  A ball python (D:3)
  4 bats
  3 giant cockroaches
  11 goblins
  9 hobgoblins
  10 jackals
  6 quokkas
  A ball python skeleton (D:6)
  7 frilled lizards
  8 kobolds
  A leopard gecko skeleton (D:6)
  2 quokka zombies (D:8)
  5 rats
  2 fungi
  5 plants
  A tentacle (Shoals:4)
1500 creatures vanquished.

Vanquished Creatures (collateral kills)
  Polyphemus (Shoals:3)
  A sphinx (Vaults:2)
  2 deep elf annihilators (Elf:3)
  2 deep elf death magi (Elf:3)
  2 merfolk impalers
  An ice dragon (Vaults:3)
  A death knight (Vaults:3)
  A catoblepas (Shoals:3)
  2 merfolk avatars (Shoals:2)
  A centaur warrior (Vaults:1)
  A two-headed ogre (Vaults:3)
  An ogre mage (Vaults:2)
  A deep elf knight (Elf:3)
  2 sea snakes (Shoals:4)
  A deep elf archer (Vaults:3)
  2 orc knights
  A necromancer (Vaults:1)
  3 harpies
  A manticore (Shoals:3)
  An ugly thing (D:14)
  2 fauns
  3 deep elf magi
  A cyclops (Vaults:1)
  A water nymph (Shoals:2)
  A vault sentinel (Vaults:3)
  2 spiny frogs (Lair:6)
  A yaktaur (D:14)
  A demonic crawler (Spider:2)
  A freezing wraith (Vaults:3)
  2 tyrant leeches (Lair:6)
  A wind drake (Shoals:2)
  5 merfolk
  A blink frog (Lair:6)
  5 dream sheep (Lair:6)
  A hippogriff (Shoals:1)
  3 snapping turtles
  An air elemental (Elf:2)
  3 redbacks
  2 water elementals
  A tarantella (Spider:3)
  4 yaks
  3 orc warriors (Orc:2)
  A human zombie (Vaults:1)
  An ogre (Vaults:3)
  2 wolves (Lair:6)
  2 earth elementals
  A wight (D:12)
  An orc priest (Orc:2)
  2 orc wizards
  2 worker ants (Spider:3)
  10 orcs
95 creatures vanquished.

Vanquished Creatures (others)
  An ogre mage (Vaults:2)
  A yaktaur captain (Vaults:3)
  A satyr (Shoals:3)
  A deep elf archer (Elf:2)
  3 deep elf magi
  3 yaktaurs (Vaults:3)
  A water elemental (Elf:3)
  A tarantella (Spider:3)
  2 humans (Spider:2)
  A phantom (D:6)
  A centaur (D:11)
  A killer bee (D:13)
  A worker ant (Spider:3)
  5 white imps (IceCv)
  4 ufetubi (IceCv)
  27 fungi
  70 plants
  7 tentacles (Shoals:4)
131 creatures vanquished.

Grand Total: 1726 creatures vanquished

Notes
Turn   | Place    | Note
-------+----------+-------------------------------------------
     0 | D:1      | nubinia the Deep Elf Fire Elementalist began the quest for the Orb.
     0 | D:1      | Reached XP level 1. HP: 10/10 MP: 6/6
     3 | D:1      | Noticed an electric eel
    60 | D:1      | Noticed an electric eel
   358 | D:1      | Reached XP level 2. HP: 15/15 MP: 6/8
   519 | D:1      | Learned a level 2 spell: Throw Flame
  1302 | D:2      | Reached XP level 3. HP: 14/20 MP: 9/9
  1307 | D:2      | Learned a level 3 spell: Conjure Flame
  1624 | D:2      | Found a faded altar of an unknown god.
  2191 | D:3      | Reached skill level 1 in Short Blades
  2355 | D:3      | Reached XP level 4. HP: 24/24 MP: 11/11
  2701 | D:3      | Reached skill level 1 in Fighting
  3353 | D:4      | Reached XP level 5. HP: 29/29 MP: 12/12
  3437 | D:4      | Reached skill level 4 in Spellcasting
  3556 | D:4      | Noticed Menkaure
  3763 | D:5      | Entered Level 5 of the Dungeon
  3768 | D:5      | You fall through a shaft!
  3802 | D:6      | Found Xanaagey's Antique Armour Emporium.
  3978 | D:7      | Reached XP level 6. HP: 34/34 MP: 14/14
  4020 | D:7      | Learned a level 4 spell: Sticky Flame
  4423 | D:7      | Found a sparkling altar of Nemelex Xobeh.
  4594 | D:6      | Noticed a sky beast
  4594 | D:6      | Noticed a sky beast
  4606 | D:7      | Reached skill level 5 in Spellcasting
  4782 | D:7      | Noticed a yak
  4795 | D:7      | Killed a yak
  4795 | D:7      | Reached skill level 5 in Stealth
  4795 | D:7      | Reached skill level 5 in Fire Magic
  4795 | D:7      | Reached XP level 7. HP: 30/38 MP: 16/16
  4859 | D:7      | Noticed a yak
  4861 | D:7      | Noticed a yak
  4861 | D:7      | Noticed a yak
  4876 | D:7      | Killed a yak
  4883 | D:7      | Killed a yak
  4883 | D:7      | Reached skill level 6 in Spellcasting
  4888 | D:7      | Killed a yak
  4888 | D:7      | Reached XP level 8. HP: 22/44 MP: 12/19
  5220 | D:7      | Noticed Prince Ribbit
  5241 | D:7      | Killed Prince Ribbit
  5526 | D:7      | Reached skill level 5 in Conjurations
  5584 | D:7      | Reached skill level 7 in Spellcasting
  5673 | D:7      | Found a hazy altar of Hepliaklqana.
  6229 | D:5      | Found Sumuogua's Food Boutique.
  6480 | D:5      | Reached skill level 1 in Shields
  6480 | D:5      | Reached XP level 9. HP: 49/49 MP: 22/22
  6843 | D:4      | Reached skill level 8 in Spellcasting
  7090 | D:4      | Found a staircase to the Ecumenical Temple.
  7099 | Temple   | Entered the Ecumenical Temple
  7327 | Temple   | Became a worshipper of Sif Muna the Loreminder
  7456 | D:4      | Found Plog's Distillery.
  7461 | D:4      | Bought a potion of mutation for 30 gold pieces
  7461 | D:4      | Gained mutation: Your flesh is heat resistant. (rF+) [potion of mutation]
  7461 | D:4      | Gained mutation: You have a somewhat thin skeletal structure. (Dex +2, Stealth) [potion of mutation]
  7461 | D:4      | Gained mutation: You are partially covered in iridescent scales. (AC +2) [potion of mutation]
  7959 | D:6      | Reached skill level 9 in Spellcasting
  8140 | D:6      | Reached * piety under Sif Muna
  8458 | D:6      | Found a burning altar of Makhleb.
  8463 | D:6      | Found a shattered altar of Ashenzari.
  8469 | D:6      | Found a white marble altar of Elyvilon.
  8813 | D:8      | Noticed Maurice
  8830 | D:8      | Killed Maurice
  8985 | D:8      | Learned a level 5 spell: Fireball
  9023 | D:8      | Reached skill level 10 in Spellcasting
  9023 | D:8      | Reached XP level 10. HP: 54/54 MP: 20/26
  9091 | D:8      | Got a faintly glowing rapier
  9101 | D:8      | Identified the +5 rapier of Afomuom {holy, rF+} (You found it on level 8 of the Dungeon)
  9129 | D:8      | Noticed Joseph
  9267 | D:8      | Killed Joseph
  9267 | D:8      | Reached ** piety under Sif Muna
  9524 | D:8      | Noticed a two-headed ogre
  9546 | D:8      | Killed a two-headed ogre
  9684 | D:8      | Reached skill level 11 in Spellcasting
 10087 | D:6      | Reached *** piety under Sif Muna
 10094 | D:6      | Bought a pair of ancient boots for 294 gold pieces
 10099 | D:6      | Identified the +1 pair of boots "Pigyit" {Regen+ Str+3 Stlth+} (You bought it in a shop on level 6 of the Dungeon)
 10204 | D:9      | Got a slimy scimitar
 10205 | D:9      | Identified the +1 scimitar "Ijaafiy" {pain, MR++ Str-5 Dex+2 Stlth+} (You found it on level 9 of the Dungeon)
 10209 | D:10     | Entered Level 10 of the Dungeon
 10313 | D:9      | Found a snail-covered altar of Cheibriados.
 10357 | D:9      | Reached skill level 5 in Short Blades
 10431 | D:9      | Noticed Erica
 10519 | D:9      | Found a bloodstained altar of Trog.
 10619 | D:9      | Noticed a two-headed ogre
 10626 | D:9      | Killed a two-headed ogre
 10626 | D:9      | Reached skill level 12 in Spellcasting
 10626 | D:9      | Reached XP level 11. HP: 47/59 MP: 28/29
 10709 | D:9      | Killed Erica
 10709 | D:9      | Reached skill level 5 in Dodging
 10881 | D:10     | Found an ancient bone altar of Kikubaaqudgha.
 10881 | D:10     | Noticed an oklob plant
 10889 | D:10     | Found a staircase to the Lair.
 10895 | D:10     | Killed an oklob plant
 10967 | D:10     | Reached skill level 10 in Fire Magic
 10972 | D:10     | Noticed kroki's ghost (novice DrTm)
 11006 | D:10     | Reached **** piety under Sif Muna
 11487 | Lair:1   | Entered Level 1 of the Lair of Beasts
 12158 | Lair:1   | Reached skill level 13 in Spellcasting
 12668 | Lair:1   | Reached skill level 10 in Conjurations
 12701 | Lair:1   | You fall through a shaft!
 12946 | Lair:2   | Noticed azzavlup's ghost (journeyman OpWz)
 12967 | Lair:1   | Reached ***** piety under Sif Muna
 13194 | Lair:2   | Reached XP level 12. HP: 64/64 MP: 31/31
 13213 | Lair:2   | Identified Iskenderun's Compendium of Confrontation (Sif Muna gifted it to you on level 2 of the Lair of Beasts)
 13213 | Lair:2   | Received a gift from Sif Muna
 13318 | Lair:2   | Learned a level 3 spell: Static Discharge
 13323 | Lair:2   | Learned a level 4 spell: Throw Icicle
 13470 | D:6      | Bought a shimmering robe for 176 gold pieces
 13480 | D:6      | Identified the +1 robe of the Ecumenical Temple {rPois rF+ rN+ Dex-2 Slay+5} (You bought it in a shop on level 6 of the Dungeon)
 13801 | Lair:2   | Killed azzavlup's ghost
 13801 | Lair:2   | Reached skill level 14 in Spellcasting
 14052 | Lair:2   | Reached skill level 1 in Ice Magic
 14174 | Lair:2   | Found a hole to the Spider Nest.
 14344 | Lair:2   | Found a staircase to the Shoals.
 14737 | Lair:3   | Noticed Snorg
 14758 | Lair:3   | Killed Snorg
 14817 | Lair:3   | Found a dark tunnel.
 14820 | Lair:3   | Noticed Harold
 14849 | Volcano  | Entered a volcano
 14879 | Volcano  | Reached skill level 15 in Spellcasting
 15174 | Lair:3   | Noticed Gastronok
 15686 | Lair:3   | Identified Sif Muna's Guide on Combat Magic (Sif Muna gifted it to you on level 3 of the Lair of Beasts)
 15686 | Lair:3   | Received a gift from Sif Muna
 15761 | Lair:3   | Reached XP level 13. HP: 34/68 MP: 22/34
 15888 | Lair:3   | Got a bone morningstar
 15896 | Lair:3   | Identified the +11 morningstar "Widetis" {venom, +Rage rPois Int-4 Stlth+} (You found it on level 3 of the Lair of Beasts)
 16355 | Lair:3   | Killed Gastronok
 16529 | Lair:3   | Killed Harold
 17393 | Lair:4   | Reached skill level 16 in Spellcasting
 17562 | Lair:4   | Reached skill level 5 in Ice Magic
 18307 | Lair:4   | Noticed Josephine
 18322 | Lair:4   | Killed Josephine
 18633 | D:4      | Bought a potion of beneficial mutation for 420 gold pieces
 18633 | D:4      | Gained mutation: Your flesh is cold resistant. (rC+) [potion of beneficial mutation]
 18635 | D:4      | Identified Sif Muna's Incunabulum of Arcane Weapons (Sif Muna gifted it to you on level 4 of the Dungeon)
 18635 | D:4      | Received a gift from Sif Muna
 18635 | D:4      | Reached skill level 1 in Invocations
 18635 | D:4      | Reached XP level 14. HP: 74/74 MP: 36/36
 18641 | D:4      | Learned a level 4 spell: Iskenderun's Mystic Blast
 20233 | Lair:5   | Reached skill level 17 in Spellcasting
 20265 | Lair:6   | Entered Level 6 of the Lair of Beasts
 20310 | Lair:6   | Noticed Nessos
 20320 | Lair:6   | Killed Nessos
 20390 | Lair:6   | Found a frozen archway.
 20485 | IceCv    | Entered an ice cave
 20614 | IceCv    | Reached XP level 15. HP: 74/78 MP: 33/38
 20702 | IceCv    | Identified Sif Muna's Advanced Steps in Witchcraft (Sif Muna gifted it to you in an ice cave)
 20702 | IceCv    | Received a gift from Sif Muna
 20711 | IceCv    | Learned a level 6 spell: Bolt of Fire
 20757 | IceCv    | Got an ancient hat
 20758 | IceCv    | Identified the +0 hat of Darkness {Int+6} (You found it in an ice cave)
 21451 | Lair:6   | Learned a level 3 spell: Dazzling Spray
 23052 | Lair:6   | Learned a level 5 spell: Iskenderun's Battlesphere
 23054 | Lair:6   | Learned a level 1 spell: Magic Dart
 23158 | Lair:6   | Identified Sif Muna's Grimoire of Evil (Sif Muna gifted it to you on level 6 of the Lair of Beasts)
 23158 | Lair:6   | Received a gift from Sif Muna
 23162 | Lair:6   | Learned a level 1 spell: Animate Skeleton
 23336 | Lair:6   | Found a viscous altar of Jiyva.
 23337 | Lair:6   | Found a staircase to the Slime Pits.
 23482 | Lair:6   | Reached skill level 18 in Spellcasting
 23675 | D:10     | Found an ancient bone altar of Kikubaaqudgha.
 23939 | D:10     | Killed kroki's ghost
 24311 | D:11     | Reached skill level 1 in Necromancy
 24499 | D:11     | Reached skill level 1 in Charms
 25269 | D:12     | Received a gift from Sif Muna
 25455 | D:12     | Noticed Erolcha
 25458 | D:12     | Killed Erolcha
 25624 | D:12     | Found a staircase to the Orcish Mines.
 25747 | D:12     | Reached XP level 16. HP: 83/83 MP: 36/40
 25986 | Orc:1    | Entered Level 1 of the Orcish Mines
 26084 | Orc:2    | Entered Level 2 of the Orcish Mines
 26095 | Orc:2    | Reached skill level 15 in Conjurations
 26380 | Orc:2    | Found a staircase to the Elven Halls.
 26509 | Orc:2    | Reached skill level 19 in Spellcasting
 27074 | Orc:2    | Found Qoeru's Gadget Shoppe.
 27074 | Orc:2    | Found Leegg's Antique Weapon Shoppe.
 27076 | Orc:2    | Found Calit's Gadget Emporium.
 27076 | Orc:2    | Found Zecovoz's Weapon Shoppe.
 27089 | Orc:2    | Bought a bloodstained hand axe for 208 gold pieces
 27209 | Orc:2    | Found Upogaris's Assorted Antiques.
 27222 | Orc:2    | Bought a scroll of identify for 44 gold pieces
 27222 | Orc:2    | Identified the +4 hand axe "Arrigeic" {vamp, rN+ MR- SInv} (You bought it in a shop on level 2 of the Orcish Mines)
 27715 | Shoals:1 | Entered Level 1 of the Shoals
 27922 | Shoals:1 | Received a gift from Sif Muna
 27935 | Shoals:1 | Learned a level 3 spell: Mephitic Cloud
 27979 | Shoals:1 | Learned a level 2 spell: Poisonous Vapours
 27986 | Shoals:1 | Learned a level 6 spell: Freezing Cloud
 28080 | Shoals:1 | Reached skill level 15 in Fire Magic
 28254 | Shoals:1 | Reached skill level 1 in Air Magic
 28652 | Shoals:2 | Reached ****** piety under Sif Muna
 29125 | Shoals:2 | Found Roheneps's Jewellery Boutique.
 29125 | Shoals:2 | Reached skill level 20 in Spellcasting
 29134 | Shoals:2 | Bought a +2 ring of protection for 190 gold pieces
 29396 | Shoals:3 | Found a stormy altar of Qazlal.
 29573 | Orc:2    | Bought a scroll of identify for 44 gold pieces
 29733 | Shoals:3 | Identified Sif Muna's Volume of Arcane Weapons (Sif Muna gifted it to you on level 3 of the Shoals)
 29733 | Shoals:3 | Received a gift from Sif Muna
 29799 | Shoals:3 | Learned a level 2 spell: Repel Missiles
 30086 | Shoals:3 | Noticed Polyphemus
 30096 | Shoals:3 | Killed Polyphemus
 30134 | Shoals:3 | Found Ficwasei's Antique Armour Emporium.
 30155 | Shoals:3 | Bought a pair of encrusted boots for 218 gold pieces
 30165 | Shoals:3 | Identified the +2 pair of boots of Brilliance {rN+ Str+2} (You bought it in a shop on level 3 of the Shoals)
 30355 | Shoals:4 | Entered Level 4 of the Shoals
 30431 | Shoals:4 | Reached XP level 17. HP: 88/88 MP: 21/43
 30460 | Shoals:4 | Noticed Donald
 30485 | Shoals:4 | Killed Donald
 30668 | Shoals:4 | Noticed Ilsuiw
 30673 | Shoals:4 | Killed Ilsuiw
 31222 | Shoals:4 | Identified Sif Muna's Guide on the Supportive Snowflakes (Sif Muna gifted it to you on level 4 of the Shoals)
 31222 | Shoals:4 | Received a gift from Sif Muna
 32125 | Shoals:4 | Learned a level 7 spell: Delayed Fireball
 32168 | Shoals:4 | Reached skill level 21 in Spellcasting
 32675 | Shoals:4 | Reached skill level 5 in Air Magic
 33148 | Shoals:4 | Got an ichor-stained leather armour
 33159 | Shoals:4 | Identified the +1 leather armour "Jawkam" {Slay+3} (You found it on level 4 of the Shoals)
 33310 | Shoals:4 | Noticed a kraken
 33337 | Shoals:4 | HP: 2/88 [tentacle[a kraken] (23)]
 33809 | Shoals:4 | Killed a kraken
 33888 | Shoals:4 | Got a barnacled rune of Zot
 34029 | Spider:1 | Entered Level 1 of the Spider Nest
 34034 | Lair:2   | Learned a level 1 spell: Shock
 34157 | Spider:1 | Identified Sif Muna's Collected Works on Burning Ice (Sif Muna gifted it to you on level 1 of the Spider Nest)
 34157 | Spider:1 | Received a gift from Sif Muna
 36025 | Spider:1 | Got a crude long sword
 36026 | Spider:1 | Identified the +8 long sword of Power {freeze, Str+4} (You found it on level 1 of the Spider Nest)
 36121 | Spider:2 | Reached XP level 18. HP: 77/94 MP: 27/45
 36337 | Spider:2 | Noticed Kirke
 36340 | Spider:2 | Killed Kirke
 36509 | Spider:2 | Reached skill level 1 in Evocations
 36801 | Spider:2 | Reached skill level 10 in Ice Magic
 38880 | Spider:4 | Entered Level 4 of the Spider Nest
 39299 | Spider:3 | Reached skill level 22 in Spellcasting
 40213 | Elf:1    | Entered Level 1 of the Elven Halls
 40564 | Elf:1    | Reached skill level 5 in Charms
 41033 | Elf:1    | Identified the Tome of Atheism
 41042 | Elf:1    | Learned a level 4 spell: Force Lance
 41258 | Elf:1    | Received a gift from Sif Muna
 41969 | Elf:2    | Reached XP level 19. HP: 78/98 MP: 27/47
 42044 | Elf:2    | Learned a level 2 spell: Shroud of Golubria
 42048 | Elf:2    | Learned a level 3 spell: Regeneration
 42203 | Elf:2    | Found a runed gate.
 42203 | Elf:2    | Found a runed gate.
 42203 | Elf:2    | Found a runed gate.
 42344 | Elf:2    | Reached skill level 5 in Shields
 42434 | Elf:2    | Found Ludule's Gadget Shoppe.
 42435 | Elf:2    | Found Faumesi's Jewellery Boutique.
 42436 | Elf:2    | Found Yromanti's Gadget Shoppe.
 42443 | Elf:2    | Bought an uncursed ring of positive energy for 340 gold pieces
 42473 | Elf:2    | Found Vaaf's Magic Scroll Emporium.
 42742 | Elf:2    | Reached skill level 23 in Spellcasting
 42928 | Elf:2    | Reached skill level 1 in Translocations
 42970 | Elf:2    | HP: 2/98 [glaive of distortion (11)]
 43439 | Elf:2    | Received a gift from Sif Muna
 43468 | Elf:1    | Learned a level 5 spell: Bolt of Draining
 43476 | Elf:1    | Learned a level 5 spell: Dispel Undead
 43829 | Elf:2    | Reached skill level 5 in Necromancy
 44332 | Elf:3    | Entered Level 3 of the Elven Halls
 44346 | Elf:3    | Noticed Louise
 44352 | Elf:3    | Killed Louise
 44986 | Elf:3    | Found Jiskuoc's Magic Scroll Shoppe.
 44989 | Elf:3    | Bought a scroll of blinking for 90 gold pieces
 44989 | Elf:3    | Bought a scroll of fear for 42 gold pieces
 45368 | Elf:3    | Identified the +9 broad axe "Jadghe Wufi" {freeze, rF+ rC+ Dex+2} (You took it off a deep elf archer on level 3 of the Elven Halls)
 45790 | Elf:3    | Identified Lonliche's Collected Works on Arcane Weapons (Sif Muna gifted it to you on level 3 of the Elven Halls)
 45790 | Elf:3    | Received a gift from Sif Muna
 46251 | Elf:3    | Reached XP level 20. HP: 72/104 MP: 2/49
 46413 | Elf:3    | Got a glittering amber ring
 46416 | Elf:3    | Identified the ring "Jiosiepp" {rF+ rN+ Int+2 Dex+3 Stlth+} (You took it off a deep elf demonologist on level 3 of the Elven Halls)
 46420 | Elf:3    | Identified the +1 robe of Cappelacw {rCorr Str+4 Dex+3} (You took it off a deep elf demonologist on level 3 of the Elven Halls)
 46634 | Elf:3    | Got a faintly glowing turquoise ring
 46696 | Elf:3    | Identified the ring of Goodaom {rC+ MR+ Str+4 Dex+3} (You took it off a deep elf sorcerer on level 3 of the Elven Halls)
 46958 | Elf:3    | Identified the Guide on Congealing Moulding
 46995 | Elf:3    | Identified the Reference Book on Stolen Souls
 47002 | Elf:3    | Learned a level 4 spell: Animate Dead
 47115 | Elf:3    | Bought a scroll of identify for 24 gold pieces
 47115 | Elf:3    | Bought a scroll of identify for 24 gold pieces
 47115 | Elf:3    | Bought a scroll of identify for 24 gold pieces
 47115 | Elf:3    | Bought a scroll of identify for 24 gold pieces
 47184 | Elf:3    | Identified the +11 hand axe "Sohajo Qyni" {chop, Str+2 Int+8} (You took it off a deep elf high priest on level 3 of the Elven Halls)
 47188 | Elf:3    | Identified the +8 triple sword of the Elven Halls {elec, +Rage} (You took it off a deep elf sorcerer on level 3 of the Elven Halls)
 47197 | Elf:3    | Identified the +6 demon trident of Subjectivity {freeze, Str+3 Int+4 Stlth+} (You took it off a deep elf high priest on level 3 of the Elven Halls)
 47203 | Elf:3    | Identified the +1 hand axe of Extinguishment {pain, rElec rN+++ Str-2 Dex+4} (You took it off a deep elf mage on level 3 of the Elven Halls)
 47205 | Elf:3    | Upgraded the game from 0.20-a0-556-g892c87b to 0.20-a0-613-g92415a4
 47710 | D:13     | Reached skill level 24 in Spellcasting
 48010 | D:13     | Identified a scroll of acquirement
 48455 | D:14     | Noticed Sonja
 48462 | D:14     | Killed Sonja
 48834 | D:14     | Found a gate to the Vaults.
 48834 | D:14     | Identified Voarph Qude's Reference Book on Poisoning and the Blaze (Sif Muna gifted it to you on level 14 of the Dungeon)
 48834 | D:14     | Received a gift from Sif Muna
 48835 | D:14     | Reached skill level 5 in Translocations
 49311 | Vaults:1 | Entered Level 1 of the Vaults
 49513 | Vaults:1 | Noticed Saint Roka
 49522 | Vaults:1 | Killed Saint Roka
 49754 | Vaults:1 | Noticed Aizul
 49772 | Vaults:1 | Killed Aizul
 51419 | Vaults:2 | Found Kedd's Weapon Boutique.
 51618 | Vaults:3 | Identified Sif Muna's Almanac of Creative Stolen Souls (Sif Muna gifted it to you on level 3 of the Vaults)
 51618 | Vaults:3 | Received a gift from Sif Muna
 51822 | Vaults:3 | Found Soelemn's Antique Armour Shoppe.
 51918 | Vaults:3 | Got a crude copper ring
 51919 | Vaults:3 | Identified the ring "Urrext" {Int+3 Dex+4} (You found it on level 3 of the Vaults)
 52023 | Vaults:3 | Reached XP level 21. HP: 97/108 MP: 19/51
 52482 | Vaults:3 | Reached skill level 25 in Spellcasting
 52553 | Vaults:3 | Hit by a large rock thrown by a stone giant

Vault maps used:
D:1:      arrival_aquarium_b
D:2:      chequers_ecumenical_altar_simple, minmay_misc_feat_four_crosses
D:3:      dk_noncrumbling_4
D:4:      temple_hall, serial_shops, kennysheep_little_box, first_bread,
          kennysheep_cluttered_room, minmay_distorted, uniq_menkaure
D:5:      serial_shops, shop
D:6:      lemuel_ice_spiral_2, minmay_overflow_temple_star_quad, serial_shops,
          nicolae_shop_waterfront, minmay_bent
D:7:      lemuel_round_altar, nemelex_xobeh_ov_fountains_minmay,
          minmay_misc_feat_room, uniq_prince_ribbit1
D:8:      uniq_maurice, uniq_joseph
D:9:      lemuel_round_altar, lemuel_round_altar, hangedman_pestilent_swarm,
          uniq_erica
D:10:     lair_entry_dummy, serial_corexii_hall, corexii_hall_statues_i,
          corexii_hall_statues_u, lemuel_oklob_altar
D:12:     erik_orc_4, spider_trap, uniq_erolcha
D:13:     kennysheep_demon_hangout, serial_co_window_serial, co_window_paths_b,
          co_window_of_opportunity_a, co_window_paths_a, co_window_paths_b,
          co_window_of_opportunity_a, co_window_corner_a,
          co_window_of_opportunity_a, co_window_corner_ca, co_window_2corner,
          co_window_corner_b, co_window_paths_e, co_window_4corner_b,
          glass_columns_c, glass_columns_b, glass_columns_a, glass_columns_a
D:14:     david_vaults_2, minmay_misc_feat_iff, uniq_sonja
Temple:   eino_temple_water
Lair:2:   minmay_shoals_entry_beasts, spider_nest_entry_rubble,
          beast_lair_carwin_10
Lair:3:   nicolae_volcano_entry_two_sided, minmay_lair_oklob_chamber,
          uniq_gastronok, uniq_snorg, uniq_harold
Lair:4:   grunt_megastairs_1, uniq_josephine
Lair:5:   st_stairs_8, minmay_stone_trees_small, serial_bayou_shore_b,
          grunt_megastairs_2
Lair:6:   minmay_lair_end_frog_pond, slime_altar_1,
          portal_ice_cave_demonic_guard, uniq_nessos
Shoals:1: argonaut_golden_fleece
Shoals:2: serial_shops, shop
Shoals:3: serial_shops, shop, nicolae_shoals_cliffside_cave,
          lemuel_altar_in_water2, uniq_polyphemus
Shoals:4: shoals_end_hangedman, shoals_ilsuiw_ice, nicolae_shoals_water_shrine,
          uniq_donald
Spider:2: hangedman_spider_tarantella_strand, uniq_kirke
Spider:3: minmay_another_anthill
Spider:4: guppyfry_spider_rune, hangedman_spider_mandibles
Orc:2:    st_orc_pillars, serial_shops, nicolae_shop_window_shopping
Elf:1:    elf_arrival_002, minmay_elf_annihilation
Elf:2:    serial_shops, nicolae_shop_crystal, minmay_shop_grove
Elf:3:    minmay_elf_hall_curves, serial_shops, nicolae_shop_behind_doors,
          uniq_louise
Vaults:1: kb_rosetta, vaults_dpeg_ring, hangedman_vaults_corner_blocks,
          v_pattern_5, vaults_room_door_ring, vaults_room_pools,
          uniq_saint_roka, uniq_aizul
Vaults:2: hangedman_vaults_corner, v_pattern_2, hangedman_vaults_capsules,
          nicolae_vaults_network_square, v_misc_13, vaults_room_pool,
          st_squares, dpeg_vaults_monster_box, blue_anna_dwarven_crypt,
          v_misc_24, ontoclasm_vaults_ring_square, vaults_room_pool,
          vaults_standard_mumra_x, uniq_margery, uniq_jory
Vaults:3: vaults_mumra_minichess_inversion, hangedman_vaults_locks,
          nicolae_vaults_circle_grid_b, nicolae_vaults_little_squares_2,
          ontoclasm_vaults_misaligned, nicolae_vaults_rhombus_6,
          nicolae_vaults_display_case, vaults_mumra_hex, ontoclasm_vaults_spin,
          grunt_vaults_funnel, nicolae_vaults_mini_display_case,
          ontoclasm_vaults_misaligned, vaults_room_door_ring,
          nicolae_vaults_circle_grid_a, basic_altar, serial_shops, shop
IceCv:    ice_cave_small_demon
Volcano:  volcano_pools

Skill      XL: |  1  2  3  4  5  6  7  8  9 10 11 12 13 14 15 16 17 18 19 20 21 |
---------------+----------------------------------------------------------------+-----
Stealth        | 3 4 5 6 7 8 9 |  9.3
Short Blades   | 1 2 3 4 5 6 |  6.0
Fighting       | 1 2 3 4 |  4.7
Conjurations   | 2 4 5 6 8 10 11 13 14 16 17 18 19 | 19.1
Spellcasting   | 4 5 6 7 10 12 13 15 16 17 18 20 21 22 23 24 25 | 25.0
Fire Magic     | 4 5 6 8 9 11 12 13 14 15 | 15.9
Dodging        | 3 4 5 6 7 8 |  8.2
Shields        | 1 2 3 4 6 7 |  7.5
Ice Magic      | 3 6 8 9 10 11 12 | 12.0
Invocations    | 1 2 |  2.4
Necromancy     | 1 4 6 8 |  8.0
Charms         | 1 3 4 5 6 |  6.6
Air Magic      | 3 5 7 |  7.6
Evocations     | 1 |  1.5
Translocations | 4 6 |  6.5

Action                   |  1- 3 |  4- 6 |  7- 9 | 10-12 | 13-15 | 16-18 | 19-21 || total
-------------------------+-------+-------+-------+-------+-------+-------+-------++-------
Melee: Short sword       |    13 |       |   112 |       |       |       |       ||   125
       Dagger            |    67 |    59 |    81 |       |       |     1 |       ||   208
       Rapier            |       |       |       |   129 |       |       |       ||   129
       Morningstar       |       |       |       |       |   180 |   298 |   370 ||   848
 Cast: Flame Tongue      |    28 |    43 |   152 |   272 |   290 |   357 |    15 ||  1157
       Throw Flame       |       |    18 |   104 |   132 |   234 |   288 |   101 ||   877
       Conjure Flame     |       |     3 |     7 |    17 |    31 |       |       ||    58
       Sticky Flame      |       |       |     4 |    33 |   101 |    36 |    13 ||   187
       Fireball          |       |       |       |    30 |   102 |   134 |    36 ||   302
       Throw Icicle      |       |       |       |    18 |     2 |     3 |       ||    23
       Animate Skeleton  |       |       |       |       |    48 |   154 |    75 ||   277
       Iskenderun's Batt |       |       |       |       |    33 |   209 |   102 ||   344
       Magic Dart        |       |       |       |       |     8 |    36 |    22 ||    66
       Bolt of Fire      |       |       |       |       |     4 |    17 |     2 ||    23
       Iskenderun's Myst |       |       |       |       |     4 |    77 |    50 ||   131
       Dazzling Spray    |       |       |       |       |     1 |    11 |       ||    12
       Mephitic Cloud    |       |       |       |       |       |    92 |   108 ||   200
       Repel Missiles    |       |       |       |       |       |     4 |       ||     4
       Delayed Fireball  |       |       |       |       |       |     6 |     5 ||    11
       Poisonous Vapours |       |       |       |       |       |    24 |    22 ||    46
       Freezing Cloud    |       |       |       |       |       |     7 |    19 ||    26
       Force Lance       |       |       |       |       |       |       |    68 ||    68
       Bolt of Draining  |       |       |       |       |       |       |    97 ||    97
       Shroud of Golubri |       |       |       |       |       |       |     1 ||     1
       Animate Dead      |       |       |       |       |       |       |    19 ||    19
       Dispel Undead     |       |       |       |       |       |       |    13 ||    13
Invok: Channel Magic     |       |       |       |       |       |     3 |       ||     3
 Abil: Release Delayed F |       |       |       |       |       |     5 |     6 ||    11
Evoke: Lightning rod     |       |       |       |       |       |     8 |     4 ||    12
       Wand              |       |       |       |       |       |     4 |     7 ||    11
       Lamp of fire      |       |       |       |       |       |     3 |     3 ||     6
       Phial of floods   |       |       |       |       |       |       |     3 ||     3
  Use: Scroll            |       |     1 |    15 |    12 |     9 |    14 |    25 ||    76
       Potion            |       |     1 |     5 |     3 |     3 |     4 |     2 ||    18
 Stab: Sleeping          |     9 |     3 |     4 |     9 |     3 |     4 |    17 ||    49
       Invisible         |       |       |       |     1 |       |     1 |       ||     2
       Distracted        |       |       |       |       |     1 |     2 |     6 ||     9
       Confused          |       |       |       |       |       |    17 |    31 ||    48
  Eat: Meat ration       |     1 |       |       |       |       |       |       ||     1
       Chunk             |       |     7 |    12 |    26 |    34 |    56 |    38 ||   173
       Fruit             |       |       |     1 |       |     4 |       |       ||     5
       Royal jelly       |       |       |       |       |       |     1 |       ||     1
Armor: Robe              |     9 |     5 |    54 |    57 |    76 |   128 |    61 ||   390
       Steam dragon scal |       |       |       |     8 |       |       |       ||     8
Dodge: Dodged            |    48 |    42 |    94 |   151 |   210 |   385 |   238 ||  1168
       Deflected         |       |       |       |       |       |    23 |     6 ||    29
Block: Buckler           |     8 |    11 |    24 |    40 |   140 |   437 |   298 ||   958
       Reflection        |       |       |       |       |     7 |    57 |    63 ||   127
